 Dungeon Crawl Stone Soup version 0.32-a0-685-g93135e8 (webtiles) character file.

Game seed: 13373550947029418090

39 Dom the Trooper (level 3, 0/33 HPs)
             Began as a Human Chaos Knight on Mar 12, 2024.
             Was a Plaything of Xom.
             Slain by a kobold brigand
             ... wielding a +0 club
              (3 damage)
             ... in a sewer.
             The game lasted 00:05:22 (818 turns).

Dom the Trooper (Human Chaos Knight)                 Turns: 818, Time: 00:05:23

Health: 0/33       AC:  5    Str: 16    XL:     3   Next: 45%
Magic:  1/3        EV: 11    Int: 11    God:    Xom [.....*]
Gold:   34         SH:  0    Dex: 13    Spells: 0/2 levels left

rFire   + . .        g - +0 dagger (venom)
rCold   . . .        (no shield)
rNeg    . . .        b - +2 leather armour
rPois   .            (no helmet)
rElec   .            (no cloak)
rCorr   .            (no gloves)
SInv    .            (no boots)
Will    .....        (no amulet)
Stlth   +            (no ring)
HPRegen 0.25/turn    (no ring)
MPRegen 0.08/turn

%: no passive effects
@: lethally poisoned (0 -> -17), very slightly contaminated, hasted, very quick
A: explore regen, fire resistance 1, mutation resistance 1, robust 1, strong 1,
MP-powered wands
a: Renounce Religion


You were in a sewer.
You worshipped Xom.
You were Xom's teddy bear.
You visited 1 branch of the dungeon, and saw 3 of its levels.
You also visited: Sewer.

You collected 34 gold pieces.

Inventory:

Hand Weapons
 a - a +0 short sword of chaos
 e - a +0 dagger of protection
 g - a +0 dagger of venom (weapon)
Armour
 b - a +2 leather armour (worn)
Scrolls
 c - a scroll of butterflies
 d - a scroll of teleportation {unknown}
 f - a scroll of silence {unknown}
 h - a scroll of amnesia {unknown}
 i - a scroll of revelation {unknown}


   Skills:
 + Level 4.0 Fighting
 - Level 3.1 Short Blades
 - Level 2.0 Armour
 + Level 1.2 Dodging
 * Level 1.0 Stealth
 * Level 0.2 Hexes


You couldn't memorise any spells.
You knew the following spells:

 Your Spells              Type           Power      Damage    Failure   Level
a - Ensorcelled Hibernat  Hex/Ice        0%         N/A       54%         2

Your spell library contained the following spells:

 Spells                   Type           Power      Damage    Failure   Level
 Passwall                 Erth           0%         N/A       78%         3
 Swiftness                Air            0%         N/A       78%         3


Dungeon Overview and Level Annotations

Branches:
Dungeon (3/15)              Sewer (1/1)

Altars:
Nemelex Xobeh


Innate Abilities, Weirdness & Mutations

You regain HP and MP as you explore.
Your flesh is heat resistant. (rF+)
You are somewhat resistant to further mutation.
You are robust. (+10% HP)
Your muscles are strong. (Str +4, Int/Dex -1)
You expend magic power (3 MP) to strengthen your wands.


Message History

It was a potion of haste.
You feel yourself speed up.
You feel sick.
You feel sick.
The kobold brigand throws a poisoned dart.
The poisoned dart hits you!
You are more poisoned.
Casting: Ensorcelled Hibernation (quite dangerous; 54% risk of failure)
Confirm with . or Enter, or press ? or * to list all spells.
Aiming: Ensorcelled Hibernation (quite dangerous; 54% risk of failure)
Press: ? - help, Shift-Dir - straight line, f - kobold brigand
Aim: a kobold brigand, wielding a +0 club and quivering poisoned darts (chance to affect: 32%)
You miscast Ensorcelled Hibernation.
You are very lightly contaminated with residual magic.
Nothing appears to happen.
You feel sick.
The kobold brigand throws a poisoned dart.
The poisoned dart hits you!
You are more poisoned.
You feel very sick.
You feel sick.
The kobold brigand throws a poisoned dart.
The poisoned dart hits you!
You are more poisoned.
You feel very sick.
The kobold brigand throws a poisoned dart.
The poisoned dart hits you!
You are lethally poisoned!
You feel very sick.
You hit the kobold brigand but do no damage.
The kobold brigand is poisoned.
You feel very sick.
You hear Xom's avuncular chuckle.
The kobold evaporates and reforms as a rat!
The kobold brigand hits you with a +0 club!
* * * LOW HITPOINT WARNING * * *
You hit the kobold brigand.
The kobold brigand is lightly wounded.
* * * LOW HITPOINT WARNING * * *
You feel very sick.
The kobold brigand hits you with a +0 club.
You die...
Xom cackles wildly!

##### ### ##.~~##
#...#####...~.#####...
#..rK@.......~~~~~~.~.
#..!.#####.....#####..~
###. ##~..## # ##~##
#~# #~# ##### ##~##
##...## ##...##
#..~~.####~....#####


You could see a kobold brigand (poisoned) and a rat.

Vanquished Creatures
  A ribbon worm (Sewer)
  An orc (D:3)
  A ball python (D:3)
  3 endoplasms
  3 giant cockroaches (D:3)
  2 hobgoblins (D:1)
  2 kobolds
  5 quokkas
  2 bats (D:1)
  A frilled lizard (D:3)
  2 goblins (D:1)
  5 rats
28 creatures vanquished.

Vanquished Creatures (collateral kills)
  A giant cockroach (D:3)
  A goblin (D:3)
  A ball python (D:3)
  A kobold (D:1)
4 creatures vanquished.

Grand Total: 32 creatures vanquished

Notes
Turn   | Place    | Note
-------+----------+-------------------------------------------
     0 | D:1      | Dom the Human Chaos Knight began the quest for the Orb.
     0 | D:1      | Reached XP level 1. HP: 18/18 MP: 1/1
    69 | D:1      | XOM: divination: detect creatures
   115 | D:1      | XOM: cleaving
   122 | D:1      | Reached XP level 2. HP: 8/24 MP: 2/2
   163 | D:1      | XOM: confuse monster(s)
   400 | D:2      | XOM: give mutations
   400 | D:2      | Gained mutation: Your muscles are strong. (Str +4, Int/Dex
                  | -1) [Xom's grace]
   400 | D:2      | Gained mutation: You are robust. (+10% HP) [Xom's grace]
   400 | D:2      | Gained mutation: You expend magic power (3 MP) to
                  | strengthen your wands. [Xom's grace]
   400 | D:2      | Gained mutation: You are somewhat resistant to further
                  | mutation. [Xom's grace]
   450 | D:3      | Found a sparkling altar of Nemelex Xobeh.
   466 | D:3      | XOM: summons 2 friendly demons
   508 | D:3      | XOM: snakes to sticks
   533 | D:3      | Noticed a bombardier beetle
   539 | D:3      | XOM: 1-stop teleportation journey
   678 | D:3      | Reached XP level 3. HP: 33/33 MP: 3/3
   682 | D:3      | Found a glowing drain.
   703 | Sewer    | Entered a sewer
   707 | Sewer    | Learned a level 2 spell: Ensorcelled Hibernation
   750 | Sewer    | XOM: give mutation
   750 | Sewer    | Gained mutation: Your flesh is heat resistant. (rF+) [Xom's
                  | grace]
   780 | Sewer    | XOM: polymorph adder -> kobold
   783 | Sewer    | Reached skill level 4 in Fighting
   783 | Sewer    | Reached skill level 1 in Stealth
   807 | Sewer    | Noticed a kobold brigand
   817 | Sewer    | XOM: polymorph kobold -> rat
   818 | Sewer    | Slain by a kobold brigand

Illustrated notes

Levels and vault maps discovered:
D:1:      dpeg_arrival_rooms_b, layout_basic
D:2:      layout_basic, ebering_ecumenical_altar_abandoned, minmay_between,
          uniq_sigmund
D:3:      layout_basic, nemelex_xobeh_ov_fountains_minmay, gup_sewer_entry_pipe,
          grunt_ministairs_14
Sewer:    sewer_co_15_rooms

Skill      XL: |  1  2  3 |
---------------+----------+-----
Fighting       | 4 |  4.0
Stealth        | 1 |  1.0
Short Blades   | |  3.1
Armour         | |  2.0
Dodging        | |  1.2
Hexes          | |  0.2

Action                     || total
---------------------------++-------
  Melee: Short sword       ||    25
         Dagger            ||   130
    Use: Potion            ||     2
   Stab: Confused          ||     1
 Armour: Leather armour    ||    80
  Dodge: Dodged            ||    52

Table legend: (Time is in decaauts)
 A = Elapsed time spent in this place.
 B = Non-inter-level travel time spent in this place.
 C = Inter-level travel time spent in this place.
 D = Time resting spent in this place.
 E = Time spent auto-exploring this place.
 F = Levels seen in this place.
 G = Mean time per level.
                   A        B        C        D        E       F      G
               +--------+--------+--------+--------+--------+-----+--------+
         Total |    805 |    805 |      0 |      0 |    265 |   4 |  201.2 |
       Dungeon |    686 |    686 |      0 |      0 |    245 |   3 |  228.7 |
         Sewer |    119 |    119 |      0 |      0 |     20 |   1 |  119.0 |
               +--------+--------+--------+--------+--------+-----+--------+

Top non-repeatable levels by time:
     D:1: 359 daAuts
     D:3: 294 daAuts
   Sewer: 119 daAuts
     D:2: 32 daAuts
